[Event "Team 45 45 League T33"]
[Site "Internet Chess Club"]
[Date "2007.05.05"]
[Round "3"]
[White "chsrules88"]
[Black "MikeMike"]
[Result "1-0"]
[WhiteElo "2088"]
[BlackElo "1947"]
[ECO "B44"]
[TimeControl "2700+45"]

1. e4 c5 2. Nf3 e6 3. d4 cxd4 4. Nxd4 Nc6 5. Be3 Nf6 6. Nd2 d5 7. Bb5 Bd7 8.
Bxc6 Bxc6 9. e5 Nd7 10. f4 Be7 11. O-O O-O 12. Qe2 Qc7 13. c3 a6 14. c4 dxc4 15.
Nxc6 Qxc6 16. Nxc4 b5 17. Na5 Qe4 18. Qf2 Rac8 19. Rac1 Rfd8 20. Rfd1 Qa4 21.
Qe1 Rxc1 22. Rxc1 Bb4 23. Bd2 Bxa5 24. Bxa5 Re8 25. Qd2 Nf8 26. Bb4 Qxa2 27. Qc3
Qd5 28. Qc6 Qxc6 29. Rxc6 Ra8 30. Bxf8 Kxf8 31. Kf2 Ra7 32. Ke3 Ke7 33. Rd6 f6
34. Kd4 f5 35. Kc5 Rc7+ 36. Rc6 Kd7 37. Rxc7+ Kxc7 38. h4 h5 39. g3 g6 40. b3
Kb7 41. Kd6 a5 42. Kxe6 a4 43. bxa4 bxa4 44. Kf7 a3 45. e6 a2 46. e7 a1=Q 47.
e8=Q Qc3 48. Qe7+ Ka8 49. Qg5 Qc6 50. Qxg6 Qc7+ 51. Kf8 Qc5+ 52. Kg7 Qa7+ 53.
Kh6 Qd7 54. Qg8+ {Black resigns} 1-0

[Event "Team 45 45 League T33"]
[Site "Internet Chess Club"]
[Date "2007.05.08"]
[Round "3"]
[White "GolferBob"]
[Black "Theodulf"]
[Result "1-0"]
[WhiteElo "1713"]
[BlackElo "1714"]
[ECO "D00"]
[TimeControl "2700+45"]

1. d4 d5 2. Bf4 Nf6 3. e3 c5 4. Nf3 Nc6 5. c3 Qb6 6. Qb3 c4 7. Qc2 Bf5 8. Qc1
Nh5 9. Bg5 h6 10. Bh4 g5 11. Bg3 Nxg3 12. hxg3 Qc7 13. Nbd2 Bg7 14. Be2 O-O-O
15. b4 e5 16. b5 exd4 17. bxc6 dxc3 18. cxb7+ Qxb7 19. Nf1 c2 20. Nd4 Be4 21.
Bf3 Bd3 22. a4 Bxd4 23. exd4 Rhe8+ 24. Ne3 Qb4+ 25. Qd2 Qb1+ 26. Qc1 Rd6 27. Be2
Rb6 28. Bxd3 Qxa1 29. O-O Qxc1 30. Bf5+ Kb7 31. Rxc1 Kc6 32. Rxc2 Rb1+ 33. Kh2
Ra1 34. Bg4 Rxa4 35. Bf3 Ra5 36. Rxc4+ Kd6 37. Rb4 Ra2 38. Rb5 Rxf2 39. Rxd5+
Kc7 40. Rc5+ Kb6 41. Nd5+ {Black resigns} 1-0

[Event "Team 45 45 League T33"]
[Site "Internet Chess Club"]
[Date "2007.05.06"]
[Round "3"]
[White "OldBoy"]
[Black "Mikey29a"]
[Result "0-1"]
[WhiteElo "1486"]
[BlackElo "1679"]
[ECO "C00"]
[TimeControl "2700+45"]

1. e4 e6 2. Nf3 d5 3. exd5 exd5 4. d4 Bd6 5. Be2 Ne7 6. O-O Bf5 7. b3 c6 8. c4
O-O 9. c5 Bc7 10. Bd2 Nd7 11. a4 h6 12. b4 Ng6 13. Bc3 Nf6 14. Nbd2 Re8 15. Re1
Nf4 16. Ra2 Ne4 17. Ba1 Nxd2 18. Rxd2 Nxe2+ 19. Rdxe2 Rxe2 20. Qxe2 Bg4 21. Qd3
Bxf3 22. Qxf3 Qd7 23. Bc3 Re8 24. Rxe8+ Qxe8 25. Qe3 Qe4 26. Qxe4 dxe4 27. g3 g6
28. Kf1 f5 29. Ke2 Kf7 30. f4 Ke6 31. h3 Kd5 32. Ke3 g5 33. Bd2 gxf4+ 34. gxf4
Kc4 35. Be1 Bd8 36. Bd2 Bf6 37. Be1 Bxd4+ 38. Ke2 Bc3 39. Bxc3 Kxc3 40. b5 Kb4
41. bxc6 bxc6 {White resigns} 0-1

[Event "Team 45 45 League T33"]
[Site "Internet Chess Club"]
[Date "2007.05.03"]
[Round "3"]
[White "Hastings"]
[Black "Invicta-Knight"]
[Result "0-1"]
[WhiteElo "1378"]
[BlackElo "1559"]
[ECO "B01"]
[TimeControl "2700+45"]

1. e4 d5 2. exd5 Qxd5 3. Nc3 Qd6 4. Nf3 a6 5. Bc4 b5 6. Bb3 Bb7 7. Ng5 e6 8. O-O
Be7 9. d3 Nc6 10. Qh5 Bxg5 11. Bxg5 Nd4 12. Rfe1 Nf6 13. Bxf6 gxf6 14. Ne4 Qe5
15. Qh6 O-O-O 16. Nxf6 Qf5 17. Ne4 Nxb3 18. axb3 Rdg8 19. c4 Rg6 20. Qd2 Rd8 21.
Ng3 Qxd3 22. Qxd3 Rxd3 23. Ra3 h5 24. h4 f5 25. Kh2 f4 26. Ne4 Rg4 27. f3 Rxh4+
28. Kg1 Bxe4 29. Rxe4 Rd1+ 30. Kf2 Rd2+ 31. Ke1 Rxg2 32. Re2 Rh1+ 33. Kd2 Rxe2+
34. Kxe2 Rh2+ 35. Kd1 Rxb2 36. Rxa6 Kd7 37. cxb5 Rxb3 38. Kc2 Rxb5 39. Ra7 Kd6
40. Ra6+ Rb6 41. Ra4 e5 42. Ra8 Kc5 43. Kd3 Kd5 44. Rd8+ Rd6 45. Rh8 Ke6+ 46.
Ke4 Rd4# {White checkmated} 0-1

[Event "Team 45 45 League T33"]
[Site "Internet Chess Club"]
[Date "2007.05.04"]
[Round "3"]
[White "twinders"]
[Black "clarnibass"]
[Result "0-1"]
[WhiteElo "1647"]
[BlackElo "1737"]
[ECO "D31"]
[TimeControl "2700+45"]

1. d4 d5 2. c4 e6 3. Nc3 c6 4. Nf3 dxc4 5. a4 Bb4 6. e4 Nf6 7. Bg5 Bxc3+ 8. bxc3
Qa5 9. Bxf6 Qxc3+ 10. Nd2 gxf6 11. Bxc4 Qxd4 12. O-O Nd7 13. Qc2 Ne5 14. Bb3 Qd3
15. Qxd3 Nxd3 16. Nf3 Nc5 17. Bc2 e5 18. Nd2 Be6 19. Rfd1 Ke7 20. a5 Rhd8 21.
Nf3 Bg4 22. Rdb1 Bxf3 23. gxf3 Rd2 24. Bd1 Rad8 25. Ba4 Rg8+ 26. Kf1 Nd3 27.
Rxb7+ Kd6 {White resigns} 0-1

[Event "Team 45 45 League T33"]
[Site "Internet Chess Club"]
[Date "2007.05.06"]
[Round "3"]
[White "Pierrekurdy"]
[Black "GolfSuper"]
[Result "1-0"]
[WhiteElo "1647"]
[BlackElo "1523"]
[ECO "A04"]
[TimeControl "2700+45"]

1. Nf3 d6 2. d4 Nf6 3. Nc3 e6 4. e4 a6 5. Bg5 Be7 6. e5 Nfd7 7. Bxe7 Qxe7 8. a4
O-O 9. a5 dxe5 10. dxe5 Nc6 11. Qe2 Qb4 12. Ra2 Nd4 13. Nxd4 Qxd4 14. g3 Qxe5
15. Qxe5 Nxe5 16. Bg2 Rb8 17. O-O b5 18. b4 Bb7 19. Bxb7 Rxb7 20. Ne4 Nd7 21.
Rd1 c6 22. c3 Rc7 23. Rad2 Ne5 24. Rd8 Rc8 25. Rxc8 Rxc8 26. Nc5 Ra8 27. Nxa6 g6
28. Nc5 Kg7 29. f4 Nc4 30. Rd7 Kf6 31. a6 e5 32. fxe5+ Nxe5 33. Rc7 h5 34. a7
Kf5 35. Kg2 g5 36. Nd7 f6 37. Nb6 Rd8 38. a8=Q Rd2+ 39. Kf1 {Black resigns} 1-0

[Event "Team 45 45 League T33"]
[Site "Internet Chess Club"]
[Date "2007.05.04"]
[Round "3"]
[White "mrmarck"]
[Black "Lyko"]
[Result "0-1"]
[WhiteElo "1345"]
[BlackElo "1555"]
[ECO "D04"]
[TimeControl "2700+45"]

1. d4 d5 2. Nf3 Nf6 3. e3 Bg4 4. c4 e6 5. Nc3 h6 6. Be2 Bf5 7. O-O c6 8. Ne5 Bd6
9. c5 Bc7 10. Bd3 Ne4 11. f3 Nxc3 12. bxc3 Bxd3 13. Nxd3 f6 14. f4 O-O 15. Ba3
Nd7 16. Rb1 e5 17. fxe5 fxe5 18. Rxf8+ Qxf8 19. Rxb7 Qd8 20. Qg4 Nf6 21. Qe6+
Kh8 22. Nxe5 Bxe5 23. dxe5 Ne4 24. Qxc6 Qg5 25. Bc1 Rf8 26. Qxd5 Nxc3 27. Qc4
Qf5 28. h3 Qf2+ 29. Kh2 Ne2 30. Qxe2 Qxe2 31. c6 Rf2 32. Kg3 Rxg2+ 33. Kf4 g5+
34. Kf5 Qd3+ 35. Kf6 Rf2+ 36. Ke7 Qh7+ 37. Kd6 Qg6+ 38. e6 Qd3+ 39. Kc7 Rf8 40.
Rb8 Rxb8 41. Kxb8 Qb1+ 42. Kc8 Qxc1 43. c7 Qxe3 44. Kb7 Qb6+ 45. Kc8 Qxe6+ 46.
Kb7 Qb6+ 47. Kc8 h5 48. Kd7 Qb5+ 49. Kd8 Qd5+ 50. Ke8 Qe6+ 51. Kd8 Qg8+ 52. Ke7
Qg7+ 53. Kd6 Qf8+ 54. Kd7 Qf5+ 55. Kd6 Qc8 56. Kc6 g4 57. hxg4 hxg4 58. a4 a5
{White resigns} 0-1

[Event "Team 45 45 League T33"]
[Site "Internet Chess Club"]
[Date "2007.05.05"]
[Round "3"]
[White "Queen"]
[Black "PawnSensei"]
[Result "1/2-1/2"]
[WhiteElo "1686"]
[BlackElo "1394"]
[ECO "C80"]
[TimeControl "2700+45"]

1. e4 e5 2. Nf3 Nc6 3. Bb5 a6 4. Ba4 Nf6 5. O-O Nxe4 6. Re1 Nc5 7. Nxe5 Be7 8.
Nxc6 dxc6 9. Bb3 Nxb3 10. axb3 O-O 11. d4 Bd6 12. Nc3 h6 13. Ra5 b5 14. Be3 f5
15. Qh5 f4 16. Bc1 Bd7 17. Ra1 Rf5 18. Qe2 Qh4 19. Ne4 f3 20. g3 Qh3 21. Qf1
Qxf1+ 22. Rxf1 Bf8 23. g4 Rf7 24. h3 Re8 25. Nc5 Bxc5 26. dxc5 Bc8 27. Be3 Re4
28. Rfd1 Bxg4 29. Rd8+ Kh7 30. hxg4 Rxg4+ 31. Kf1 Rh4 32. Ke1 Rh1+ 33. Kd2 Rxa1
34. c4 b4 35. Rb8 Rd7+ 36. Kc2 Re7 37. Rf8 Rxe3 38. fxe3 Rf1 39. Kd3 Kg6 40. e4
h5 41. e5 Rd1+ 42. Ke4 Re1+ 43. Kd4 Rd1+ 44. Ke4 Re1+ 45. Kd4 {Game drawn by
mutual agreement} 1/2-1/2

[Event "Team 45 45 League T33"]
[Site "Internet Chess Club"]
[Date "2007.05.03"]
[Round "3"]
[White "AlterEgo"]
[Black "quotha"]
[Result "1-0"]
[WhiteElo "1606"]
[BlackElo "1586"]
[ECO "A29"]
[TimeControl "2700+45"]

1. c4 e5 2. Nc3 Nf6 3. Nf3 Nc6 4. g3 Bc5 5. Bg2 O-O 6. O-O d5 7. cxd5 Nxd5 8. d3
Nxc3 9. bxc3 Be6 10. Nxe5 Bxf2+ 11. Rxf2 Nxe5 12. Bxb7 Rb8 13. Bg2 h5 14. Rf4 g5
15. Rd4 Qf6 16. Qd2 g4 17. Qg5+ Qxg5 18. Bxg5 c5 19. Ra4 f6 20. Bf4 Rf7 21. Rf1
Rb2 22. Bxe5 fxe5 23. Rxf7 Bxf7 24. Rxa7 Bxa2 25. Rxa2 {Black resigns} 1-0

[Event "Team 45 45 League T33"]
[Site "Internet Chess Club"]
[Date "2007.05.06"]
[Round "3"]
[White "geewhiz"]
[Black "Lionskins"]
[Result "1-0"]
[WhiteElo "1629"]
[BlackElo "1581"]
[ECO "B46"]
[TimeControl "2700+45"]

1. e4 c5 2. Nf3 Nc6 3. Nc3 e6 4. d4 cxd4 5. Nxd4 a6 6. Be2 h6 7. O-O Qc7 8. Nf3
Nf6 9. h3 g5 10. Nxg5 hxg5 11. Bxg5 Nh7 12. Bh4 Bd6 13. Bh5 Ne5 14. Qe2 Rg8 15.
Qe3 Ng6 16. Qf3 Nf4 17. Ne2 Rxg2+ 18. Kh1 Ng5 19. Bxg5 Rxg5 20. Nxf4 Bxf4 21.
Rg1 Qe5 22. Rxg5 Qxg5 23. Rg1 Qf6 24. Rg8+ Ke7 25. Qa3+ d6 26. Qa5 Kd7 27. Rf8
Ke7 28. Qd8# {Black checkmated} 1-0

[Event "Team 45 45 League T33"]
[Site "Internet Chess Club"]
[Date "2007.05.05"]
[Round "3"]
[White "chaos-emporor"]
[Black "BMAttack"]
[Result "1-0"]
[WhiteElo "1667"]
[BlackElo "1558"]
[ECO "B35"]
[TimeControl "2700+45"]

1. e4 c5 2. Nf3 g6 3. d4 cxd4 4. Nxd4 Nc6 5. Nc3 Bg7 6. Be3 Nf6 7. Bc4 O-O 8.
O-O Nxe4 9. Nxe4 d5 10. Nxc6 bxc6 11. Bd3 dxe4 12. Bxe4 Qc7 13. c3 Rb8 14. Rb1
Be6 15. a3 Rfd8 16. Qf3 Bd5 17. Bf4 e5 18. Bg3 f5 19. Bxd5+ cxd5 20. Rfd1 Qc5
21. b4 Qb5 22. Rbc1 Rbc8 23. h3 e4 24. Qe3 Qa6 25. a4 Qxa4 26. Ra1 Qb3 27. Rxa7
Rxc3 28. Qe1 Qxb4 29. Rxg7+ Kxg7 30. Be5+ Kf7 31. Qxc3 {Black resigns} 1-0

[Event "Team 45 45 League T33"]
[Site "Internet Chess Club"]
[Date "2007.05.05"]
[Round "3"]
[White "alaskauk"]
[Black "Bookkeeper"]
[Result "0-1"]
[WhiteElo "1486"]
[BlackElo "1570"]
[ECO "B32"]
[TimeControl "2700+45"]

1. e4 c5 2. Nf3 Nc6 3. d4 cxd4 4. Nxd4 d6 5. Nc3 Bd7 6. Be3 Nf6 7. Nxc6 bxc6 8.
Bd3 g6 9. Qd2 Ng4 10. f3 Nxe3 11. Qxe3 Bg7 12. g4 c5 13. Be2 Rb8 14. b3 Qa5 15.
Kd2 O-O 16. h4 Bd4 {White resigns} 0-1

[Event "Team 45 45 League T33"]
[Site "Internet Chess Club"]
[Date "2007.05.07"]
[Round "3"]
[White "tryanything"]
[Black "Avedldesierto"]
[Result "1/2-1/2"]
[WhiteElo "1648"]
[BlackElo "1720"]
[ECO "A52"]
[TimeControl "2700+45"]

1. d4 Nf6 2. c4 e5 3. dxe5 Ng4 4. e4 Nxe5 5. Nc3 Bc5 6. h3 Nbc6 7. Nf3 d6 8. Be2
Be6 9. b3 O-O 10. O-O Qf6 11. Bd2 Nxf3+ 12. Bxf3 Nd4 13. Bg4 a6 14. Nd5 Bxd5 15.
exd5 Rfe8 16. Be3 Re4 17. Qd2 h6 18. Rae1 Rae8 19. Qd3 Kf8 20. Bxd4 Qxd4 21.
Qxd4 Bxd4 22. Rxe4 Rxe4 23. Rd1 Bc5 24. Rd2 Re1+ 25. Kh2 Rf1 26. Kg3 Re1 27. Re2
Rc1 28. Bd7 Rc3+ 29. f3 Re3 30. Rxe3 Bxe3 31. Bc8 a5 32. Bxb7 Ke7 33. f4 {Game
drawn by mutual agreement} 1/2-1/2

[Event "Team 45 45 League T33"]
[Site "Internet Chess Club"]
[Date "2007.05.06"]
[Round "3"]
[White "isolani"]
[Black "FiendAngelical"]
[Result "0-1"]
[WhiteElo "1635"]
[BlackElo "1750"]
[ECO "B30"]
[TimeControl "2700+45"]

1. e4 c5 2. Nf3 Nc6 3. d3 g6 4. g3 Bg7 5. Bg2 d6 6. O-O e5 7. Nc3 Nge7 8. Bg5 f6
9. Bd2 Be6 10. Re1 O-O 11. Qc1 f5 12. Ng5 Qd7 13. Nxe6 Qxe6 14. Nd5 Qd7 15. Bh6
Nd4 16. Bxg7 Kxg7 17. c3 Ne6 18. Nxe7 Qxe7 19. exf5 Rxf5 20. Be4 Rf6 21. Qe3
Raf8 22. Rf1 b6 23. Rae1 h6 24. Bg2 Qd7 25. Bh3 Qf7 26. Bxe6 Qxe6 27. d4 Rf3 28.
Qe4 Qxa2 29. Ra1 Qf7 30. dxe5 Rxf2 31. Qe1 Rxf1+ {White resigns} 0-1

[Event "Team 45 45 League T33"]
[Site "Internet Chess Club"]
[Date "2007.05.09"]
[Round "3"]
[White "Ozgur-Bjk"]
[Black "valipop"]
[Result "1-0"]
[WhiteElo "2161"]
[BlackElo "2036"]
[ECO "D43"]
[TimeControl "2700+45"]

1. d4 d5 2. c4 e6 3. Nc3 Nf6 4. Nf3 c6 5. Bg5 h6 6. Bxf6 Qxf6 7. e3 Bd6 8. Bd3
O-O 9. O-O Qe7 10. Qc2 Nd7 11. Rac1 dxc4 12. Bxc4 e5 13. Rfd1 exd4 14. Nxd4 Ne5
15. Be2 g6 16. Ne4 Bc7 17. Ng3 a6 18. a3 Bd7 19. Rd2 Rad8 20. Rcd1 Bc8 21. b4
Ng4 22. Nb3 Qh4 23. Bxg4 Bxg4 24. Rxd8 Rxd8 25. Rxd8+ Qxd8 26. Nc5 Bc8 27. Nb3
h5 28. Nf1 Qd6 29. Qc3 h4 30. h3 Qd1 31. Nd2 Bf5 32. Qf6 Qe1 33. Qxh4 Qa1 34.
Qe7 Be5 35. Nf3 Bf6 36. Qxb7 Bd3 37. Nh2 Bb5 38. Qc7 Qxa3 39. Ng4 Bg7 40. Qd8+
Kh7 41. Qh4+ Kg8 42. Ng3 Qd3 43. Kh2 Qd6 44. e4 Qxb4 45. e5 Kf8 46. Qd8# {Black
checkmated} 1-0

[Event "Team 45 45 League T33"]
[Site "Internet Chess Club"]
[Date "2007.05.09"]
[Round "3"]
[White "Terte"]
[Black "Ser-Enigma"]
[Result "1-0"]
[WhiteElo "2002"]
[BlackElo "2097"]
[ECO "B14"]
[TimeControl "2700+45"]

1. e4 c6 2. d4 d5 3. exd5 cxd5 4. c4 Nf6 5. Nc3 e6 6. Nf3 Bb4 7. a3 Bxc3+ 8.
bxc3 dxc4 9. Bxc4 Qc7 10. Qd3 b6 11. O-O Bb7 12. Re1 O-O 13. Ba2 Nbd7 14. Ne5
Rac8 15. Bb2 Nd5 16. f3 Nxe5 17. Rxe5 b5 18. Rc1 Qb6 19. Bb1 g6 20. h4 f5 21.
Rce1 Rfe8 22. Qd2 Kg7 23. h5 Nf6 24. hxg6 hxg6 25. Bc1 Bd5 26. Qh6+ Kf7 27. Bd2
Rh8 28. Qe3 Nd7 29. Rxd5 exd5 30. Qe7+ Kg8 31. Qxd7 Rd8 32. Re8+ Rxe8 33. Qxe8+
Kg7 34. Qe7+ Kg8 35. Ba2 Qc6 36. Bf4 Rh7 37. Qd8+ Kg7 38. Bxd5 {Black resigns}
1-0

[Event "Team 45 45 League T33"]
[Site "Internet Chess Club"]
[Date "2007.05.06"]
[Round "3"]
[White "DeLaSalle"]
[Black "andreip"]
[Result "1/2-1/2"]
[WhiteElo "2077"]
[BlackElo "1970"]
[ECO "A02"]
[TimeControl "2700+45"]

1. f4 f5 2. Nf3 Nf6 3. b3 b6 4. Bb2 Bb7 5. e3 e6 6. g3 g6 7. Bg2 Bg7 8. O-O O-O
9. Qe2 a5 10. a4 Qe7 11. d3 d6 12. Nbd2 Nbd7 13. e4 Ng4 14. Bxg7 Qxg7 15. h3
Ngf6 16. e5 dxe5 17. Nxe5 Bxg2 18. Kxg2 Nxe5 19. Qxe5 Qd7 20. Nf3 h6 21. Rae1
Rae8 22. Re2 Qc6 23. Kh2 Nd7 24. Qe3 Rf7 25. Rfe1 Rfe7 26. Ne5 Nxe5 27. Qxe5 Kf7
28. Qe3 {Game drawn by mutual agreement} 1/2-1/2

[Event "Team 45 45 League T33"]
[Site "Internet Chess Club"]
[Date "2007.05.05"]
[Round "3"]
[White "gezira"]
[Black "siddhu"]
[Result "1/2-1/2"]
[WhiteElo "1913"]
[BlackElo "1849"]
[ECO "C67"]
[TimeControl "2700+45"]

1. e4 e5 2. Nf3 Nc6 3. Bb5 Nf6 4. O-O Nxe4 5. d4 Nd6 6. Bxc6 dxc6 7. dxe5 Nf5 8.
Qxd8+ Kxd8 9. Nc3 Ne7 10. Bg5 Bf5 11. Nd4 Bg6 12. Rad1 Ke8 13. Rd2 h6 14. Bh4
Nf5 15. Nxf5 Bxf5 16. f3 Bc5+ 17. Kh1 g5 18. Bg3 Ke7 19. f4 gxf4 20. Bxf4 Rad8
21. Rfd1 Rxd2 22. Rxd2 Rd8 23. Bxh6 Rxd2 24. Bxd2 Bxc2 25. Ne2 Ke6 26. Bc3 Be3
27. Nd4+ Bxd4 28. Bxd4 Kd5 29. Bc3 c5 30. h4 b5 31. a3 Kc4 32. Kh2 b4 33. axb4
cxb4 34. Bd2 a5 35. g4 a4 36. h5 c5 37. Kg3 Kb3 38. Bc1 a3 39. bxa3 bxa3 40.
Bxa3 Kxa3 41. Kf4 Bd1 42. Kg5 c4 43. h6 Bc2 44. Kf6 c3 45. Kxf7 Bd3 46. e6 c2
47. e7 Bc4+ 48. Kg7 c1=Q 49. e8=Q Qg5+ 50. Qg6 Qe7+ 51. Kh8 Qf8+ 52. Kh7 Qe7+
53. Qg7 Bd3+ 54. Kh8 Qe8+ {Game drawn by mutual agreement} 1/2-1/2

[Event "Team 45 45 League T33"]
[Site "Internet Chess Club"]
[Date "2007.05.06"]
[Round "3"]
[White "Zebbile"]
[Black "Hazy"]
[Result "1-0"]
[WhiteElo "2114"]
[BlackElo "1923"]
[ECO "E36"]
[TimeControl "2700+45"]

1. d4 Nf6 2. c4 e6 3. Nc3 Bb4 4. Qc2 d5 5. a3 Bxc3+ 6. Qxc3 O-O 7. Nf3 Nbd7 8.
b4 b6 9. e3 Re8 10. Be2 Ba6 11. O-O c6 12. Bb2 Rc8 13. Rfc1 dxc4 14. Bxc4 Bxc4
15. Qxc4 b5 16. Qe2 Nd5 17. Rc2 N5b6 18. Nd2 Na4 19. Rac1 Nxb2 20. Rxb2 Nb6 21.
Rbc2 Qd7 22. Qf3 Qd5 23. Qxd5 cxd5 24. Rxc8 Rxc8 25. Rc5 a6 26. Kf1 Kf8 27. Ke2
Ke7 28. Kd3 Kd7 29. Kc3 Na4+ 30. Kb3 Nxc5+ 31. dxc5 a5 32. Kc3 h6 33. Nb3 a4 34.
Nd4 Rb8 35. Kd3 e5 36. Nf5 Rg8 37. Nd6 Kc6 38. Nxf7 Rf8 39. Nxe5+ Kb7 40. f4 Rd8
41. g4 h5 42. g5 Re8 43. h4 Kc7 44. Nf3 Kc6 45. Nd4+ {Black resigns} 1-0

[Event "Team 45 45 League T33"]
[Site "Internet Chess Club"]
[Date "2007.05.06"]
[Round "3"]
[White "chiiwen"]
[Black "hewdondada"]
[Result "1-0"]
[WhiteElo "1929"]
[BlackElo "1827"]
[ECO "B01"]
[TimeControl "2700+45"]

1. e4 d5 2. exd5 Qxd5 3. Nc3 Qa5 4. d4 Nf6 5. Nf3 Ne4 6. Bd2 Nxd2 7. Qxd2 c6 8.
d5 g6 9. dxc6 bxc6 10. Qd4 e5 11. Qxe5+ Qxe5+ 12. Nxe5 Bg7 13. f4 O-O 14. O-O-O
Re8 15. Bc4 Bxe5 16. fxe5 Bg4 17. Rd4 Bc8 18. Re1 a5 19. Ne4 Kg7 20. Nd6 Re7 21.
Nxc8 {Black resigns} 1-0

[Event "Team 45 45 League T33"]
[Site "Internet Chess Club"]
[Date "2007.05.06"]
[Round "3"]
[White "primerpaso"]
[Black "HoHo"]
[Result "1/2-1/2"]
[WhiteElo "1853"]
[BlackElo "1794"]
[ECO "A16"]
[TimeControl "2700+45"]

1. c4 Nf6 2. Nc3 g6 3. g3 Bg7 4. Bg2 O-O 5. e4 d6 6. d4 e5 7. Nge2 Nbd7 8. O-O
b6 9. Re1 Bb7 10. d5 a6 11. Rb1 Qe7 12. h3 c6 13. dxc6 Bxc6 14. Nd5 Nxd5 15.
exd5 Bb7 16. Nd4 Rac8 17. Nc6 Bxc6 18. dxc6 Nb8 19. Qa4 Qc7 20. Be3 Nxc6 21.
Qxa6 Nb4 22. Qxb6 Qxb6 23. Bxb6 Nxa2 24. b3 Nb4 25. Ba5 Nc6 26. Bc3 Nd4 27. Bxd4
exd4 28. Bd5 Rb8 29. b4 d3 30. Red1 Bc3 31. Rxd3 Rxb4 32. Rc1 Bf6 33. Rf3 Bd4
34. Re1 Be5 35. Re4 Kg7 36. Rfe3 f5 37. Rh4 g5 38. Rh5 Kg6 39. g4 fxg4 40. hxg4
h6 41. Re2 Rf4 42. f3 Ra4 43. Kg2 Ra1 44. c5 Rf6 45. c6 Rc1 46. Rh1 Rc5 47. Be4+
Kg7 48. Rd1 Rf7 49. Rd5 Rc7 50. Rxc5 dxc5 51. Bf5 Kf6 52. Bd7 c4 53. Re4 c3 54.
Rc4 Ra7 55. Bf5 Ke7 56. Kf1 Rc7 57. Ke2 Kd6 58. Be4 Bf6 59. Kd3 Be5 60. Ra4 Ke6
61. Bf5+ Kd6 62. Bd7 Kc5 63. Ra5+ Kd6 64. Ra8 Kc5 65. Re8 Bg7 66. Re7 Bf6 67.
Re6 Bg7 68. Rg6 Bf8 69. Kxc3 Ra7 70. Kb3 Kb6 71. Rf6 Be7 72. Rf7 Bd6 73. Kc4
Ra4+ 74. Kd5 Bc7 75. Rf6 Rf4 76. Ke6 Rxf6+ 77. Kxf6 Bf4 {Game drawn by mutual
agreement} 1/2-1/2

[Event "Team 45 45 League T33"]
[Site "Internet Chess Club"]
[Date "2007.05.07"]
[Round "3"]
[White "chickenhead"]
[Black "fledermaus"]
[Result "1/2-1/2"]
[WhiteElo "1900"]
[BlackElo "2012"]
[ECO "A29"]
[TimeControl "2700+45"]

1. c4 e5 2. Nc3 Nf6 3. Nf3 Nc6 4. g3 Bb4 5. Bg2 O-O 6. O-O Re8 7. d3 Bxc3 8.
bxc3 d6 9. Rb1 Rb8 10. Bg5 h6 11. Bxf6 Qxf6 12. Nd2 Bd7 13. Bd5 Nd8 14. e3 Qg6
15. Be4 f5 16. Bd5+ Kh8 17. Bf3 c6 18. Bh5 Qf6 19. Bxe8 Bxe8 20. f4 exf4 21.
Rxf4 Ne6 22. Rf2 Qxc3 23. Qb3 Qe5 24. d4 Qa5 25. Qb4 Qd8 26. Rbf1 {Game drawn by
mutual agreement} 1/2-1/2

[Event "Team 45 45 League T33"]
[Site "Internet Chess Club"]
[Date "2007.05.06"]
[Round "3"]
[White "John3v16"]
[Black "GoIrish"]
[Result "0-1"]
[WhiteElo "1813"]
[BlackElo "1606"]
[ECO "B03"]
[TimeControl "2700+45"]

1. e4 Nf6 2. e5 Nd5 3. d4 d6 4. c4 Nb6 5. f4 dxe5 6. fxe5 Bf5 7. Nf3 e6 8. Be3
N8d7 9. Be2 Be7 10. Nc3 O-O 11. O-O c6 12. Nd2 Bg5 13. Bxg5 Qxg5 14. Nde4 Bxe4
15. Nxe4 Qe3+ 16. Nf2 c5 17. Qd3 Qxd3 18. Nxd3 cxd4 19. b3 Rfd8 20. Rf4 Nf8 21.
c5 Nc8 22. Bf3 Ng6 23. Rg4 Rb8 24. Rc1 Nce7 25. Be4 f5 26. exf6 gxf6 27. Bxg6
hxg6 28. Nf4 Kf7 29. Rh4 Rh8 30. Rg4 e5 31. Nd3 Nc6 32. b4 f5 33. b5 e4 34. bxc6
fxg4 35. Ne5+ Ke6 36. Nd7 bxc6 37. Nxb8 Rxb8 38. Rc4 Kd5 39. Ra4 Rb7 40. Ra5 e3
41. Ra3 Rb1# {White checkmated} 0-1

[Event "Team 45 45 League T33"]
[Site "Internet Chess Club"]
[Date "2007.05.05"]
[Round "3"]
[White "jlowe"]
[Black "Ingo"]
[Result "1/2-1/2"]
[WhiteElo "1657"]
[BlackElo "1733"]
[ECO "C05"]
[TimeControl "2700+45"]

1. e4 e6 2. d4 d5 3. Nd2 Nf6 4. e5 Nfd7 5. Bd3 c5 6. c3 Nc6 7. Ne2 Qc7 8. O-O
cxd4 9. cxd4 f6 10. exf6 Nxf6 11. Nf3 Bd6 12. Nc3 a6 13. Bg5 O-O 14. a3 Bd7 15.
Rc1 Bf4 16. Bxf4 Qxf4 17. Re1 Rae8 18. Ne2 Qd6 19. Qb3 Bc8 20. Ng3 e5 21. dxe5
Nxe5 22. Nxe5 Rxe5 23. Qc3 Ng4 24. Rxe5 Nxe5 25. Re1 Nxd3 26. Qxd3 Bd7 27. Qd2
d4 28. Re4 d3 29. Re3 Bb5 30. a4 Bxa4 31. Rxd3 Qe6 32. Re3 Qb6 33. Qd5+ Kh8 34.
Qe5 Qf6 {Game drawn by mutual agreement} 1/2-1/2

[Event "Team 45 45 League T33"]
[Site "Internet Chess Club"]
[Date "2007.05.07"]
[Round "3"]
[White "xenocide"]
[Black "OrangeKing"]
[Result "0-1"]
[WhiteElo "1810"]
[BlackElo "1794"]
[ECO "B35"]
[TimeControl "2700+45"]

1. e4 c5 2. Nf3 g6 3. d4 cxd4 4. Nxd4 Nc6 5. Nc3 Bg7 6. Be3 Nf6 7. Bc4 O-O 8. f3
Qb6 9. Na4 Qb4+ 10. Nc3 Qxc4 11. Nxc6 dxc6 12. Qd2 Be6 13. O-O-O Nd7 14. Bd4
Bxd4 15. Qxd4 Qxd4 16. Rxd4 Rfd8 17. Rhd1 Kf8 18. h4 Ke8 19. Ne2 Nf6 20. Nf4
Rxd4 21. Rxd4 Rd8 22. Rb4 b5 23. e5 Nd5 24. Nxd5 Bxd5 25. h5 a5 26. Rg4 Bc4 27.
hxg6 hxg6 28. b3 Be2 29. a4 b4 30. Re4 Rd1+ 31. Kb2 Bf1 32. Rg4 Rd2 33. e6 Rxg2
34. exf7+ Kxf7 35. Rd4 Rf2 36. f4 Bh3 37. Rc4 Bf5 38. Kc1 Rxc2+ 39. Rxc2 Bxc2
40. Kxc2 Kf6 41. Kd3 Kf5 42. Ke3 c5 {White resigns} 0-1

[Event "Team 45 45 League T33"]
[Site "Internet Chess Club"]
[Date "2007.05.06"]
[Round "3"]
[White "Socraticchess"]
[Black "tryanything"]
[Result "1-0"]
[WhiteElo "1830"]
[BlackElo "1644"]
[ECO "C31"]
[TimeControl "2700+45"]

1. e4 e5 2. f4 d5 3. exd5 exf4 4. Nf3 Nf6 5. Nc3 Nxd5 6. d4 Bb4 7. Bd2 O-O 8.
Be2 Re8 9. Nxd5 Bxd2+ 10. Qxd2 Qxd5 11. O-O Nd7 12. Rae1 Nf6 13. Qxf4 Bg4 14. c4
Qe4 15. Ne5 Qxf4 16. Rxf4 Bxe2 17. Rxe2 Nd7 18. Rfe4 Nxe5 19. Rxe5 Kf8 20. Kf2
Rxe5 21. Rxe5 b6 22. Ke3 Re8 23. Ke4 Rxe5+ 24. Kxe5 Ke7 25. Kd5 Kd7 26. c5 c6+
27. Kc4 b5+ 28. Kd3 a5 29. a3 a4 30. Ke4 Ke6 31. d5+ cxd5+ 32. Kd4 f5 33. g3 g5
34. c6 Kd6 35. c7 Kxc7 36. Kxd5 f4 37. gxf4 gxf4 38. Ke4 Kd6 39. Kxf4 Ke6 40.
Kg5 Kf7 41. Kh6 Kf6 42. Kxh7 Kf7 43. h3 Kf6 44. Kg8 Kg5 45. Kf7 Kh4 46. Ke6 Kxh3
47. Kd5 Kg3 48. Kc5 Kf3 49. Kxb5 {Black resigns} 1-0

[Event "Team 45 45 League T33"]
[Site "Internet Chess Club"]
[Date "2007.05.06"]
[Round "3"]
[White "Allessia"]
[Black "livis"]
[Result "1-0"]
[WhiteElo "2267"]
[BlackElo "2065"]
[ECO "C03"]
[TimeControl "2700+45"]

1. e4 e6 2. d4 d5 3. Nd2 Ne7 4. e5 a6 5. Bd3 c5 6. c3 cxd4 7. cxd4 Nbc6 8. Ne2
Qb6 9. Nb3 Nf5 10. O-O Bd7 11. Bxf5 exf5 12. Nf4 Be6 13. Qf3 Qd8 14. Be3 Be7 15.
Rac1 Qd7 16. Nh5 Rg8 17. Nc5 Bxc5 18. Rxc5 O-O-O 19. b4 Kb8 20. b5 axb5 21. Rb1
Rc8 22. Nf4 Rgd8 23. Qg3 Na7 24. Rxc8+ Rxc8 25. Qxg7 Rc2 26. Qxh7 Rxa2 27. Qh8+
Nc8 28. h4 Qc6 29. h5 b4 30. h6 b3 31. h7 b2 32. Kh2 Qc2 33. Rxb2 Rxb2 34. Qd8
Qd1 35. h8=Q Rc2 36. Nxd5 Bxd5 37. Qxd5 Rc6 38. e6 fxe6 39. Qde5+ Ka8 40. Qa5+
{Black resigns} 1-0

[Event "Team 45 45 League T33"]
[Site "Internet Chess Club"]
[Date "2007.05.06"]
[Round "3"]
[White "gorgon"]
[Black "Gregorio"]
[Result "0-1"]
[WhiteElo "2164"]
[BlackElo "2127"]
[ECO "E01"]
[TimeControl "2700+45"]

1. d4 Nf6 2. c4 e6 3. g3 d5 4. Bg2 c6 5. Qc2 Bd6 6. Nf3 Nbd7 7. O-O Ne4 8. Nbd2
Ndf6 9. Nxe4 Nxe4 10. Ne1 f5 11. f3 Nf6 12. e4 fxe4 13. fxe4 dxe4 14. Bxe4 O-O
15. Bg5 h6 16. Bxf6 Rxf6 17. Nf3 Bd7 18. c5 Bc7 19. Rae1 Be8 20. g4 Rf4 21. h3
Qf6 22. Qc3 Bg6 23. Bxg6 Qxg6 24. Qe3 Raf8 25. Kg2 R8f6 26. Nd2 Rxg4+ {White
resigns} 0-1